 Dungeon Crawl Stone Soup version 0.32-a0-791-gfc315c9ecd (webtiles) character file.

Game seed: 11860433119322935352

213 jestert79 the Cutter (level 5, -1/37 HPs)
             Began as a Coglin Summoner on Mar 20, 2024.
             Was an Initiate of Cheibriados.
             Slain by Duvessa the hog (7 damage)
             ... on level 5 of the Dungeon.
             The game lasted 00:10:52 (4647 turns).

jestert79 the Cutter (Coglin Summoner)              Turns: 4647, Time: 00:10:52

Health: -1/37      AC:  5    Str:  9    XL:     5   Next: 90%
Magic:  3/7        EV: 11    Int: 16    God:    Cheibriados [......]
Gold:   149        SH:  0    Dex: 17    Spells: 4/7 levels left

rFire   . . .        k - +0 short sword {Wanphen}
rCold   . . .        u - +0 short sword {Doyun}
rNeg    . . .        j - +0 robe {Will+}
rPois   .            f - +1 helmet
rElec   .            (no cloak)
rCorr   .            (no gloves)
SInv    .            o - +0 pair of boots
Will    +....        (amulet unavailable)
Stlth   ++           (ring unavailable)
HPRegen 0.26/turn    (ring unavailable)
MPRegen 0.10/turn    (no gizmo)

%: no passive effects
@: revved, very slow
A: off-hand wielding, slow wielding, warmup strikes, no jewellery
a: Invent Gizmo, Renounce Religion


You were on level 5 of the Dungeon.
You worshipped Cheibriados.
Cheibriados was noncommittal.
You visited 1 branch of the dungeon, and saw 5 of its levels.

You collected 149 gold pieces.

Inventory:

Hand Weapons
 k - a +0 short sword (weapon) {Wanphen}
 u - a +0 short sword (offhand) {Doyun}
Armour
 d - a +2 leather armour of cold resistance
 f - a +1 helmet (worn)
 j - a +0 robe of willpower (worn)
 o - a +0 pair of boots (worn)
Wands
 r - a wand of polymorph (6)
Scrolls
 a - 2 scrolls of teleportation
 g - a scroll of noise
 h - a scroll of poison
 m - a scroll of immolation
 n - a scroll of blinking
 t - a scroll of revelation
Potions
 b - a potion of magic
 l - a potion of mutation
 p - a potion of cancellation
 q - 2 potions of attraction
 s - 2 potions of haste


   Skills:
 - Level 1.3 Fighting
 + Level 4.7 Short Blades
 - Level 1.7 Dodging
 - Level 1.5 Stealth
 - Level 1.7 Spellcasting
 - Level 4.0 Summonings


You had 4 spell levels left.
You knew the following spells:

 Your Spells              Type           Power      Damage    Failure   Level
a - Summon Small Mammal   Summ           56%        N/A       4%          1
b - Call Imp              Summ           28%        N/A       6%          2

Your spell library contained the following spells:

 Spells                   Type           Power      Damage    Failure   Level
 Call Canine Familiar     Summ           14%        N/A       12%         3
 Necrotise                Necr           4%         1d4       22%         1
 Sting                    Conj/Alch      4%         1d3       22%         1
 Mercury Vapours          Alch/Air       2%         N/A       32%         2
 Gell's Gravitas          Tloc           1%         N/A       54%         3
 Teleport Other           Tloc           1%         N/A       54%         3
 Vampiric Draining        Necr           1%         2d6       54%         3
 Martyr's Knell           Necr/Summ      7%         N/A       67%         4
 Summon Blazeheart Golem  Fire/Summ      7%         N/A       67%         4
 Summon Lightning Spire   Summ/Air       7%         N/A       67%         4
 Olgreb's Toxic Radiance  Alch           1%         N/A       91%         4
 Curse of Agony           Necr           1%         N/A       99%         5
 Dispersal                Tloc           0%         N/A       100%        6


Dungeon Overview and Level Annotations

Branches:
Dungeon (5/15)             Temple (0/1) D:4

Altars:
Cheibriados

Shops:
D:5 *

Annotations:
D:5 Dowan, Duvessa


Innate Abilities, Weirdness & Mutations

You can wield a second weapon in your off-hand.
It takes a long time for you to wield or remove held weapons.
Your first few attacks do less damage.
You cannot equip rings or amulets.


Message History

Confirm with . or Enter, or press ? or * to list all spells.
Duvessa bites you!
Your cerulean imp hits Duvessa with a -3 spear.
You hit Duvessa with your +0 short sword.
Duvessa is lightly wounded.
You closely miss Duvessa with your +0 short sword.
Duvessa bites you but does no damage.
Your cerulean imp closely misses Duvessa.
Unknown command.
You barely miss Duvessa with your +0 short sword.
Duvessa is lightly wounded.
You barely miss Duvessa with your +0 short sword.
Duvessa bites you!
Unknown command.
You hit Duvessa with your +0 short sword.
Duvessa is moderately wounded.
You closely miss Duvessa with your +0 short sword.
Your cerulean imp hits Duvessa with a -3 spear.
Duvessa bites you.
Unknown command.
You hit Duvessa but do no damage.
Duvessa is moderately wounded.
You hit Duvessa with your +0 short sword.
Your quokka closely misses Duvessa.
Your cerulean imp closely misses Duvessa.
Duvessa bites you!
* * * LOW HITPOINT WARNING * * *
You hit Duvessa with your +0 short sword.
Duvessa is moderately wounded.
You closely miss Duvessa with your +0 short sword.
Your quokka bites Duvessa.
Duvessa barely misses you.
Your cerulean imp hits Duvessa but does no damage.
Unknown command.
You hit Duvessa with your +0 short sword.
Duvessa is heavily wounded.
You hit Duvessa with your +0 short sword.
Dowan hits your cerulean imp but does no damage.
Your quokka barely misses Duvessa.
Duvessa bites you!
You die...
Cheibriados appreciates the motionlessness of death.

# #.### #..@#
.∩.....5h..)...
...#...re.#####
# ########


You could see Duvessa the hog (ally target), Dowan, a friendly cerulean imp
(summoned) and a friendly quokka (summoned).

Vanquished Creatures
  Jessica (D:3)
  Terence (D:3)
  5 adders
  2 ribbon worms
  3 dart slugs
  4 orcs
  8 endoplasms
  4 giant cockroaches
  12 goblins
  5 hobgoblins
  7 jackals
  5 kobolds
  2 quokkas
  5 ball pythons
  7 bats
  6 frilled lizards
  5 rats
82 creatures vanquished.

Vanquished Creatures (collateral kills)
  A dart slug (D:1)
  A bat (D:1)
  2 endoplasms (D:1)
  3 giant cockroaches (D:1)
  A goblin (D:1)
  A quokka (D:3)
  2 frilled lizards (D:1)
  A rat (D:1)
12 creatures vanquished.

Grand Total: 94 creatures vanquished

Notes
Turn   | Place    | Note
-------+----------+-------------------------------------------
     0 | D:1      | jestert79 the Coglin Summoner began the quest for the Orb.
     0 | D:1      | Reached XP level 1. HP: 13/13 MP: 3/3
   102 | D:1      | Reached skill level 1 in Fighting
   222 | D:1      | Reached XP level 2. HP: 19/21 MP: 1/4
   347 | D:1      | Reached skill level 1 in Short Blades
   412 | D:1      | Reached XP level 3. HP: 24/26 MP: 5/5
  1574 | D:2      | Learned a level 2 spell: Call Imp
  1607 | D:2      | Reached XP level 4. HP: 32/32 MP: 6/6
  2413 | D:3      | Noticed Terence
  2436 | D:3      | Killed Terence
  2746 | D:3      | Reached XP level 5. HP: 31/37 MP: 7/7
  3476 | D:3      | Found a snail-covered altar of Cheibriados.
  3493 | D:3      | Became a worshipper of Cheibriados the Contemplative
  3570 | D:3      | Noticed Jessica
  3590 | D:3      | Killed Jessica
  3987 | D:4      | Noticed an orc warrior
  4188 | D:4      | Found a staircase to the Ecumenical Temple.
  4637 | D:5      | Entered Level 5 of the Dungeon
  4637 | D:5      | Noticed Duvessa
  4637 | D:5      | Found Kiceak's Gadget Gallery.
  4638 | D:5      | Duvessa changed into Duvessa the hog
  4638 | D:5      | Noticed Duvessa
  4638 | D:5      | Noticed Dowan
  4640 | D:5      | Noticed a water moccasin
  4647 | D:5      | Slain by Duvessa the hog

Illustrated notes

Levels and vault maps discovered:
D:1:      nzn_arrival_settlement, layout_loops_corners
D:2:      layout_loops_corners, minmay_goblin_outpost
D:3:      layout_loops_corners, slow_altar_2, minmay_misc_feat_four_crosses,
          kennysheep_jessica_study, uniq_terence
D:4:      layout_loops_ring, minmay_temple_entry_overgrown
D:5:      layout_basic, hangedman_abyss_or_decor_stabs, nicolae_shop_gadgets,
          uniq_duvessa

Skill      XL: |  1  2  3  4  5 |
---------------+----------------+-----
Fighting       | 1 |  1.3
Short Blades   | 1 2 3 4 |  4.7
Dodging        | |  1.7
Stealth        | |  1.5
Spellcasting   | |  1.7
Summonings     | |  4.0

Action                     |  1- 3 |  4- 6 || total
---------------------------+-------+-------++-------
  Melee: Unarmed           |    13 |       ||    13
         Dagger            |   160 |   106 ||   266
         Punch             |     1 |       ||     1
         Short sword       |    27 |   201 ||   228
   Cast: Summon Small Mamm |    13 |     4 ||    17
         Call Imp          |       |     3 ||     3
  Evoke: Wand              |       |     1 ||     1
    Use: Scroll            |       |    12 ||    12
   Stab: Sleeping          |     7 |     7 ||    14
         Distracted        |     1 |       ||     1
 Armour: Robe              |    66 |    66 ||   132
  Dodge: Dodged            |    84 |    65 ||   149

Table legend: (Time is in decaauts)
 A = Elapsed time spent in this place.
 B = Non-inter-level travel time spent in this place.
 C = Inter-level travel time spent in this place.
 D = Time resting spent in this place.
 E = Time spent auto-exploring this place.
 F = Levels seen in this place.
 G = Mean time per level.
                   A        B        C        D        E       F      G
               +--------+--------+--------+--------+--------+-----+--------+
         Total |   4892 |   4556 |    336 |    499 |   3063 |   5 |  978.4 |
       Dungeon |   4892 |   4556 |    336 |    499 |   3063 |   5 |  978.4 |
               +--------+--------+--------+--------+--------+-----+--------+

Top non-repeatable levels by time:
     D:3: 1466 daAuts
     D:1: 1263 daAuts
     D:2: 1162 daAuts
     D:4: 992 daAuts
     D:5: 8 daAuts
